 Dungeon Crawl Stone Soup version 0.31-a0-259-g771a54ca4b (webtiles) character file.

Game seed: 13081801106041682859

373 qw the Shooter (level 6, -2/52 HPs)
             Began as a Minotaur Hexslinger on July 13, 2023.
             Slain by a lemure (4 damage)
             ... led by Pikel
             ... on level 4 of the Dungeon.
             The game lasted 00:01:41 (3267 turns).

qw the Shooter (Minotaur Hexslinger)                Turns: 3267, Time: 00:01:41

Health: -2/52      AC:  5    Str: 13    XL:     6   Next: 43%
Magic:  6/6        EV: 12    Int: 10    God:
Gold:   183        SH:  0    Dex: 14    Spells: 6/7 levels left

rFire   . . .        Y - +1 sling
rCold   . . .        (no shield)
rNeg    . . .        a - +2 animal skin
rPois   .            (helmet restricted)
rElec   .            (no cloak)
rCorr   .            (no gloves)
SInv    .            e - +0 pair of boots
Will    .....        (no amulet)
Stlth   +            (no ring)
HPRegen 0.28/turn    (no ring)
MPRegen 0.10/turn

%: no passive effects
@: no status effects
A: horns 2, retaliatory headbutt
a: no special abilities


You were on level 4 of the Dungeon.
You visited 1 branch of the dungeon, and saw 4 of its levels.

You collected 183 gold pieces.


Innate Abilities, Weirdness & Mutations

You have a pair of horns on your head.
You reflexively headbutt those who attack you in melee.


   Skills:
 - Level 4.0 Fighting
 + Level 6.5 Ranged Weapons
 - Level 1.0 Armour
 - Level 2.1 Dodging
 - Level 1.0 Spellcasting
 - Level 2.0 Hexes


You had 6 spell levels left.
You knew the following spells:

 Your Spells              Type           Power      Damage    Failure   Level
a - Slow                  Hex            16%        N/A       16%         1

Your spell library contained the following spells:

 Spells                   Type           Power      Damage    Failure   Level
 Inner Flame              Hex/Fire       2%         N/A       56%         3
 Portal Projectile        Hex/Tloc       4%         N/A       56%         3
 Cause Fear               Hex            2%         N/A       83%         4

Inventory:

Hand Weapons
 Y - a +1 sling (weapon)
Armour
 a - a +2 animal skin (worn)
 d - a +3 ring mail
 e - a +0 pair of boots (worn)
Scrolls
 c - 3 scrolls of teleportation
 f - a scroll of identify
Potions
 b - a potion of curing {unknown}
 h - a potion of attraction {unknown}
 i - a potion of might
 j - a potion of haste

Dungeon Overview and Level Annotations

Branches:
Dungeon (4/15)
 Temple: D:4-7

Altars:
Fedhas
Gozag
Qazlal
Uskayaw

Annotations:
D:4 Pikel


Message History

Pikel is moderately wounded.
You shoot a sling bullet. The sling bullet closely misses Pikel.
A lemure comes into view.
You shoot a sling bullet. The sling bullet barely misses Pikel.
A centaur comes into view.
You shoot a sling bullet. The centaur shouts!
The sling bullet hits Pikel.
Pikel is moderately wounded.
A lemure comes into view.
You shoot a sling bullet. The sling bullet hits Pikel.
Pikel is moderately wounded.
The lemure barely misses you.
Pikel hits you with a +2 whip of freezing.
Pikel freezes you.
Pikel hits you with a +2 whip of freezing!
Pikel freezes you. The lemure misses you. You furiously retaliate!
You headbutt the lemure. You shoot a sling bullet.
The sling bullet completely misses Pikel.
A lemure comes into view.
The lemure hits you!
Pikel hits you with a +2 whip of freezing.
Pikel freezes you.
You shoot a sling bullet.
The sling bullet hits Pikel but does no damage.
Pikel is moderately wounded.
The lemure closely misses you. Pikel hits you but does no damage.
The lemure barely misses you.
You shoot a sling bullet. The sling bullet hits Pikel.
Pikel is heavily wounded.
The lemure hits you. Pikel barely misses you. You furiously retaliate!
You headbutt Pikel, but do no damage. The lemure hits you.
You shoot a sling bullet.
The sling bullet hits Pikel but does no damage.
Pikel is heavily wounded.
The lemure hits you.
Pikel hits you with a +2 whip of freezing!
Pikel freezes you. The lemure hits you.
You die...

#. ... ##..# ### ###
###....#.
#.###.####.K.....#
##......##.@5c.5...
#.......#...5......
#.........##5#.....
##..##.....# .# ....
##...##......#.. ###
##....#...#...#...
#...)<...###.......
#...##....###...##..
####...###.... .#...


You could see Pikel, 4 lemures and a centaur.

Vanquished Creatures
  Sigmund (D:1)
  An orc priest (D:3)
  An orc wizard (D:3)
  Robin (D:2)
  2 adders
  2 worms
  10 dart slugs (D:3)
  5 orcs
  5 bats
  9 endoplasms
  5 giant cockroaches
  15 goblins
  11 hobgoblins
  7 kobolds
  8 quokkas
  8 ball pythons
  5 frilled lizards
  6 rats
102 creatures vanquished.

Notes
Turn   | Place    | Note
-------+----------+-------------------------------------------
     0 | D:1      | qw the Minotaur Hexslinger began the quest for the Orb.
     0 | D:1      | Reached XP level 1. HP: 16/16 MP: 1/1
     0 | D:1      | 0 ||| qw: Version: 0.3-a-52-g30416fa
     0 | D:1      | 0 ||| qw: Game counter: 6951
     0 | D:1      | 0 ||| qw: Melee chars always use a shield: true
     0 | D:1      | 0 ||| qw: God list: Okawaru
     0 | D:1      | 0 ||| qw: Allow faded altars: false
     0 | D:1      | 0 ||| qw: Do Orc after clearing Dungeon:15 true
     0 | D:1      | 0 ||| qw: Do second Lair branch before Depths: true
     0 | D:1      | 0 ||| qw: Lair rune preference: random
     0 | D:1      | 0 ||| qw: Goals: Normal
     0 | D:1      | 0 ||| PLANNING D:1-11
   199 | D:1      | Reached skill level 3 in Ranged Weapons
   199 | D:1      | Reached XP level 2. HP: 18/23 MP: 2/2
   628 | D:1      | Reached XP level 3. HP: 29/29 MP: 3/3
   754 | D:1      | 754 ||| UPGRADING to +0 ring mail.
   764 | D:1      | 764 ||| DROPPING +0 robe.
   765 | D:1      | 765 ||| DROPPING ring of flight.
   766 | D:1      | 766 ||| READING 2 scrolls labelled ZIL PAVVOADICA.
   770 | D:1      | 770 ||| READING scroll labelled AGOAKH YSEURO.
   771 | D:1      | 771 ||| DRINKING 2 red potions.
   806 | D:1      | 806 ||| DROPPING scroll of poison.
   807 | D:1      | 807 ||| DROPPING potion of lignification.
   852 | D:2      | 852 ||| FLEEEEING.
   853 | D:2      | 853 ||| FLEEEEING.
   854 | D:2      | 854 ||| FLEEEEING.
   860 | D:2      | 860 ||| STAIRDANCE
   871 | D:1      | 871 ||| READING scroll labelled JYHANUR CYO.
   913 | D:2      | Found a faded altar of an unknown god.
  1009 | D:2      | Found a stormy altar of Qazlal.
  1009 | D:2      | Noticed Sigmund
  1010 | D:2      | 1010 ||| FLEEEEING.
  1011 | D:2      | 1011 ||| FLEEEEING.
  1012 | D:2      | 1012 ||| FLEEEEING.
  1013 | D:2      | 1013 ||| FLEEEEING.
  1016 | D:2      | 1016 ||| FLEEEEING.
  1023 | D:2      | 1023 ||| STAIRDANCE
  1044 | D:2      | 1044 ||| STAIRDANCE
  1062 | D:2      | 1062 ||| STAIRDANCE
  1130 | D:2      | 1130 ||| STAIRDANCE
  1163 | D:2      | 1163 ||| STAIRDANCE
  1213 | D:2      | 1213 ||| STAIRDANCE
  1233 | D:2      | 1233 ||| STAIRDANCE
  1235 | D:2      | 1235 ||| STAIRDANCE
  1240 | D:2      | 1240 ||| STAIRDANCE
  1242 | D:2      | 1242 ||| STAIRDANCE
  1251 | D:2      | 1251 ||| STAIRDANCE
  1272 | D:2      | 1272 ||| STAIRDANCE
  1326 | D:2      | 1326 ||| STAIRDANCE
  1357 | D:2      | 1357 ||| STAIRDANCE
  1392 | D:2      | 1392 ||| STAIRDANCE
  1454 | D:2      | 1454 ||| STAIRDANCE
  1465 | D:1      | Killed Sigmund
  1466 | D:1      | Reached skill level 6 in Ranged Weapons
  1466 | D:1      | Reached XP level 4. HP: 17/36 MP: 4/4
  1466 | D:1      | Reached XP level 5. HP: 20/41 MP: 5/5
  1616 | D:2      | Noticed Robin
  1625 | D:2      | Reached skill level 1 in Armour
  1629 | D:2      | HP: 10/41 [hobgoblin[Robin] (6)]
  1630 | D:2      | 1630 ||| READING scroll of teleportation.
  1768 | D:2      | Killed Robin
  2059 | D:2      | 2059 ||| UPGRADING to +2 animal skin.
  2069 | D:2      | 2069 ||| DROPPING +0 ring mail.
  2070 | D:2      | 2070 ||| UPGRADING to +0 pair of boots.
  2134 | D:3      | Reached skill level 3 in Fighting
  2211 | D:3      | 2211 ||| Stepping ~*~*~tactically~*~*~ (outnumbered).
  2220 | D:3      | 2220 ||| Stepping ~*~*~tactically~*~*~ (outnumbered).
  2222 | D:3      | 2222 ||| Stepping ~*~*~tactically~*~*~ (outnumbered).
  2225 | D:3      | 2225 ||| Stepping ~*~*~tactically~*~*~ (outnumbered).
  2230 | D:3      | 2230 ||| Stepping ~*~*~tactically~*~*~ (outnumbered).
  2242 | D:3      | Reached XP level 6. HP: 15/51 MP: 6/6
  2460 | D:3      | Found a hide-covered altar of Uskayaw.
  2511 | D:3      | Found a blossoming altar of Fedhas.
  3043 | D:3      | 3043 ||| READING scroll labelled UTOMMU ISTREVU.
  3044 | D:3      | 3044 ||| READING scroll labelled RAEMEF ZINAO.
  3133 | D:3      | 3133 ||| READING scroll labelled UQINKA HAIC.
  3134 | D:3      | 3134 ||| DRINKING 2 glowing coppery potions.
  3135 | D:3      | 3135 ||| DRINKING 2 fizzy blue potions.
  3141 | D:4      | 3141 ||| PLANNING OSSUARY
  3207 | D:4      | Found an opulent altar of Gozag.
  3256 | D:4      | Noticed Pikel
  3267 | D:4      | HP: 6/52 [Pikel/+2 whip of freezing (12)]
  3267 | D:4      | HP: 2/52 [Pikel/+2 whip of freezing (4)]
  3267 | D:4      | Slain by a lemure

Levels and vault maps discovered:
D:1:      elethiomel_arrival_infinity_welcomes_careful_drivers, layout_rooms,
          serial_curves, eino_curves_04, eino_curves_04, eino_curves_04,
          eino_curves_04, st_stairs_4
D:2:      layout_basic, basic_altar, basic_ecumenical_altar, uniq_sigmund,
          uniq_robin
D:3:      kennysheep_slugbush, layout_loops_ring, fedhas_altar_3,
          mainiacjoe_overflow_tiny_flanked, kennysheep_generic_room_2
D:4:      layout_cave_pools, mainiacjoe_overflow_alcove_2,
          lemuel_zombie_altar_kikubaaqudgha, serial_shops,
          nicolae_shop_mannequins, nicolae_ossuary_entry_giza,
          ebering_ghost_sewer_f, nicolae_underground_beach, uniq_blork_the_orc,
          uniq_pikel

Skill      XL: |  1  2  3  4  5  6 |
---------------+-------------------+-----
Ranged Weapons | 3 6 |  6.5
Fighting       | 2 3 4 |  4.0
Armour         | 1 |  1.0
Dodging        | |  2.1
Spellcasting   | |  1.0
Hexes          | |  2.0

Action                     |  1- 3 |  4- 6 || total
---------------------------+-------+-------++-------
   Fire: Sling             |   127 |   219 ||   346
    Use: Scroll            |     3 |     4 ||     7
         Potion            |     1 |     2 ||     3
 Armour: Robe              |     9 |       ||     9
         Ring mail         |     7 |    26 ||    33
         Animal skin       |       |    10 ||    10
  Dodge: Dodged            |    57 |    66 ||   123

Table legend:
 A = Non-vault XP
 B = Vault XP
 C = Vault XP percentage of total XP
 D = Non-vault monster count
 E = Vault monster count
 F = Vault count percentage of total count
                 A         B        C        D         E       F
            +---------+---------+-------+---------+---------+-------
      Total |     244 |     290 |  54.3 |      79 |      23 |  22.5
            +---------+---------+-------+---------+---------+-------
        D:1 |      41 |     226 |  84.6 |      25 |       3 |  10.7
        D:2 |      46 |      35 |  43.2 |      20 |      12 |  37.5
        D:3 |     140 |      29 |  17.2 |      27 |       8 |  22.9
        D:4 |      17 |       0 |   0.0 |       7 |       0 |   0.0
            +---------+---------+-------+---------+---------+-------
